 Dungeon Crawl Stone Soup version 0.21.1-72-gffa868e (webtiles) character file.

767 taaruk the Poker (level 7, -19/61 HPs)
             Began as a Minotaur Berserker on Aug 6, 2018.
             Was a Priest of Trog.
             Demolished by an ogre
             ... wielding a +0 giant club
              (27 damage)
             ... on level 5 of the Dungeon.
             The game lasted 00:27:29 (3393 turns).

taaruk the Poker (Minotaur Berserker)               Turns: 3393, Time: 00:27:30

Health: -19/61     AC:  6    Str: 24    XL:     7   Next: 52%
Magic:  6/6        EV: 12    Int:  6    God:    Trog [***...]
Gold:   130        SH:  0    Dex:  9    Spells: 6/6 levels left

rFire    . . .     SeeInvis .   o - +0 spear (flame)
rCold    . . .     Gourm    .   (no shield)
rNeg     . . .     Faith    .   e - +0 ring mail
rPois    .         Spirit   .   (helmet restricted)
rElec    .         Reflect  .   (no cloak)
rCorr    .         Harm     .   (no gloves)
MR       ++...                  (no boots)
Stlth    ..........             h - amulet of magic regeneration
HPRegen  1.20/turn              f - +2 ring of intelligence
MPRegen  0.35/turn              (no ring)

@: regenerating
A: retaliatory headbutt, horns 2
a: Berserk, Trog's Hand, Burn Spellbooks, Renounce Religion


You were on level 5 of the Dungeon.
You worshipped Trog.
Trog was most pleased with you.
You were not hungry.

You visited 1 branch of the dungeon, and saw 5 of its levels.

You collected 130 gold pieces.

Inventory:

Hand Weapons
 a - a +0 spear
 o - a +0 spear of flaming (weapon)
 q - a +0 flail
Missiles
 j - 4 needles of paralysis
Armour
 b - a +0 animal skin
 e - a +0 ring mail (worn)
Jewellery
 f - a +2 ring of intelligence (left hand)
 h - an amulet of magic regeneration (around neck)
Wands
 p - a wand of paralysis (17)
Scrolls
 d - 4 scrolls of identify
 g - a scroll of fog {unknown}
 k - a scroll of enchant weapon {unknown}
 m - a scroll of remove curse
 r - a scroll of immolation {unknown}
 s - a scroll of teleportation {unknown}
 v - a scroll of enchant armour {unknown}
Potions
 i - a potion of mutation {unknown}
 l - a potion of lignification {unknown}
 n - 2 potions of resistance {unknown}
 t - a potion of berserk rage {unknown}
 u - a potion of flight {unknown}
 w - a potion of invisibility {unknown}
Comestibles
 c - 3 rations
 x - 5 chunks of flesh


   Skills:
 + Level 5.5 Fighting
 + Level 7.5 Polearms
 + Level 5.7 Armour
 + Level 3.8 Dodging
 + Level 0.3 Stealth


You had 6 spell levels left.
You didn't know any spells.

Dungeon Overview and Level Annotations

Branches:
Dungeon (5/15)
 Temple: D:4-7

Altars:
Dithmenos
Elyvilon
Hepliaklqana
Nemelex Xobeh
Sif Muna
Wu Jian

Annotations:
D:4 Natasha


Innate Abilities, Weirdness & Mutations

You reflexively headbutt those who attack you in melee.
You have a pair of horns on your head.


Message History

The gnoll is heavily wounded.
The gnoll hits you with a flail.
You hit the gnoll. You burn the gnoll.
You kill the gnoll!
Trog accepts your kill. The gnoll closely misses you.
The gnoll closely misses you.
You hit the gnoll. You burn the gnoll.
You kill the gnoll!
Trog accepts your kill. The ogre barely misses you.
Things that are here:
a whip of electrocution; a gnoll corpse The ogre hits you with a giant club!!
* * * LOW HITPOINT WARNING * * *
Your skin crawls.
You feel resistant to hostile enchantments.
You feel somewhat more hungry. The ogre closely misses you.
The ogre hits you with a giant club!!
You die...

#######
#..)O.#
#$###@#
#<..#
#####


You could see an ogre.

Vanquished Creatures
  The ghost of FallenXxXSky the Bolt Thrower, a novice KoAM (D:3)
  The ghost of llamajesus the Chopper, an amateur HOFi (D:4)
  2 hounds
  2 orc wizards (D:2)
  Ijyb (D:4)
  2 worker ants
  Natasha (D:4)
  A worker ant zombie (D:5)
  4 adders
  3 gnolls (D:5)
  2 oozes
  2 worms
  3 dart slugs
  4 leopard geckos
  8 orcs
  4 giant cockroaches
  7 goblins
  5 hobgoblins
  9 jackals
  2 quokkas
  A ball python (D:1)
  8 bats
  3 frilled lizards
  10 kobolds
  A quokka skeleton (D:4)
  8 rats
95 creatures vanquished.

Notes
Turn   | Place    | Note
-------+----------+-------------------------------------------
     0 | D:1      | taaruk the Minotaur Berserker began the quest for the Orb.
     0 | D:1      | Reached XP level 1. HP: 19/19 MP: 0/0
   114 | D:1      | Reached skill level 4 in Polearms
   114 | D:1      | Reached XP level 2. HP: 18/27 MP: 1/1
   622 | D:1      | Reached ** piety under Trog
   776 | D:2      | Reached XP level 3. HP: 31/33 MP: 2/2
   825 | D:2      | Found a white marble altar of Elyvilon.
   834 | D:2      | Found a shadowy altar of Dithmenos.
   834 | D:2      | Found a hazy altar of Hepliaklqana.
  1125 | D:2      | Found a sparkling altar of Nemelex Xobeh.
  1125 | D:2      | Found a deep blue altar of Sif Muna.
  1153 | D:2      | Reached XP level 4. HP: 19/40 MP: 3/3
  1154 | D:2      | Reached skill level 5 in Polearms
  1175 | D:2      | Found an ornate altar of the Wu Jian Council.
  1638 | D:3      | Noticed FallenXxXSky's ghost (novice KoAM)
  1680 | D:3      | Killed FallenXxXSky's ghost
  1680 | D:3      | Reached skill level 5 in Fighting
  1680 | D:3      | Reached skill level 6 in Polearms
  1680 | D:3      | Reached XP level 5. HP: 13/48 MP: 4/4
  1680 | D:3      | Reached XP level 6. HP: 15/56 MP: 5/5
  2295 | D:4      | Noticed llamajesus's ghost (amateur HOFi)
  2571 | D:4      | Noticed Natasha
  2583 | D:4      | Killed Natasha
  2650 | D:4      | Reached skill level 5 in Armour
  2652 | D:4      | Reached *** piety under Trog
  2784 | D:4      | HP: 1/56 [hound (5)]
  2789 | D:5      | Entered Level 5 of the Dungeon
  2832 | D:5      | Noticed a sky beast
  2842 | D:5      | Reached XP level 7. HP: 20/61 MP: 6/6
  3139 | D:4      | Killed llamajesus's ghost
  3139 | D:4      | Reached skill level 7 in Polearms
  3213 | D:4      | Noticed Ijyb
  3225 | D:4      | Paralysed by Ijyb for 6 turns
  3237 | D:4      | Killed Ijyb
  3306 | D:4      | Noticed Natasha
  3393 | D:5      | Demolished by an ogre

Skill      XL: |  1  2  3  4  5  6  7 |
---------------+----------------------+-----
Polearms       | 4 6 7 |  7.5
Fighting       | 4 5 |  5.5
Armour         | 3 4 5 |  5.7
Dodging        | 3 |  3.8
Stealth        | |  0.3

Action                   |  1- 3 |  4- 6 |  7- 9 || total
-------------------------+-------+-------+-------++-------
Melee: Spear             |    93 |   180 |    50 ||   323
       Headbutt          |    12 |    33 |    13 ||    58
       Unarmed           |       |       |     1 ||     1
Invok: Trog's Hand       |     1 |     4 |     2 ||     7
       Berserk           |     1 |     1 |     1 ||     3
  Use: Scroll            |       |     2 |     1 ||     3
       Potion            |       |     2 |       ||     2
  Eat: Chunk             |     1 |     5 |       ||     6
       Ration            |       |     1 |     1 ||     2
Armor: Animal skin       |     3 |       |       ||     3
       Ring mail         |    28 |    51 |    11 ||    90
       Skin              |       |     8 |       ||     8
Dodge: Dodged            |    44 |    89 |    29 ||   162
